 Dungeon Crawl Stone Soup version 0.26-a0-812-g31a745ddcd (webtiles) character file.

Game seed: 14607881944746675220

30 vurker the Sneak (level 3, -3/25 HPs)
             Began as a Gnoll Enchanter on Nov 28, 2020.
             Slain by a worm (8 damage)
             ... on level 2 of the Dungeon.
             The game lasted 00:01:43 (1116 turns).

vurker the Sneak (Gnoll Enchanter)                  Turns: 1116, Time: 00:01:43

Health: -3/25      AC:  6    Str:  9 (10) XL:     3   Next: 18%
Magic:  8/9        EV: 12    Int: 17 (18) God:
Gold:   33         SH:  0    Dex: 14 (15) Spells: 11/12 levels left

rFire    . . .     SeeInvis .   a - +1 dagger
rCold    . . .     Faith    .   (no shield)
rNeg     . . .     Spirit   .   n - +0 ring mail (curse)
rPois    .         Reflect  .   (no helmet)
rElec    .         Harm     .   (no cloak)
rCorr    .         Rampage  .   (no gloves)
MR       .....                  m - +0 pair of boots
Stlth    ++........             (no amulet)
HPRegen  0.08/turn              l - ring of flight
MPRegen  0.11/turn              (no ring)

@: lethally poisoned (-3 -> -7), hasted (expiring), very quick
A: distributed training, fangs 1, strong nose
a: Evoke Flight


You were on level 2 of the Dungeon.
You visited 1 branch of the dungeon, and saw 2 of its levels.

You collected 33 gold pieces.

Inventory:

Hand Weapons
 a - a +1 dagger (weapon)
Armour
 g - a +0 chain mail
   (You found it on level 1 of the Dungeon)
 m - a +0 pair of boots (worn)
   (You found it on level 2 of the Dungeon)
 n - a cursed +0 ring mail (worn)
   (You found it on level 2 of the Dungeon)
Jewellery
 l - a ring of flight (left hand)
   (You found it on level 2 of the Dungeon)
Scrolls
 b - a scroll of enchant weapon {unknown}
 c - 3 scrolls of identify {unknown}
 h - a scroll of magic mapping {unknown}
 j - a scroll of teleportation {unknown}
Potions
 i - 3 potions of heal wounds {unknown}


   Skills:
 + Level 0.6 Fighting
 + Level 2.5 Short Blades
 + Level 0.6 Long Blades
 + Level 0.6 Axes
 + Level 0.6 Maces & Flails
 + Level 0.6 Polearms
 + Level 0.6 Staves
 + Level 0.6 Slings
 + Level 0.6 Bows
 + Level 0.6 Crossbows
 + Level 0.6 Throwing
 + Level 0.6 Armour
 + Level 4.5 Dodging
 + Level 5.9 Stealth
 + Level 0.6 Shields
 + Level 0.6 Unarmed Combat
 + Level 5.0 Spellcasting
 + Level 0.4 Conjurations
 + Level 5.4 Hexes
 + Level 0.4 Summonings
 + Level 0.4 Necromancy
 + Level 0.4 Translocations
 + Level 0.4 Transmutations
 + Level 0.4 Fire Magic
 + Level 0.4 Ice Magic
 + Level 0.4 Air Magic
 + Level 0.4 Earth Magic
 + Level 0.4 Poison Magic
 + Level 0.8 Invocations
 + Level 0.6 Evocations


You had 11 spell levels left.
You knew the following spells:

 Your Spells              Type           Power        Failure   Level
a - Corona                Hex            ###....      4%          1

Your spell library contained the following spells:

 Spells                   Type           Power        Failure   Level
 Confusing Touch          Hex            ###.....     13%         3
 Tukima's Dance           Hex            ###.....     13%         3
 Ensorcelled Hibernation  Hex/Ice        ##....       19%         2
 Dazzling Flash           Conj/Hex       ##....       34%         3


Dungeon Overview and Level Annotations

Branches:
Dungeon (2/15)

Altars:


Innate Abilities, Weirdness & Mutations

Your experience applies equally to all skills.
You have very sharp teeth.
Your uncanny sense of smell can sniff out nearby items.


Message History

You feel sick.
You hit the adder but do no damage. You hit the adder.
You feel sick. The adder closely misses you.
You barely miss the adder. Your bite misses the adder.
The adder closely misses you.
You closely miss the adder.
You feel sick. The adder bites you.
You hit the adder.
You bump into the rock wall.
You feel sick. The adder bites you.
You feel less invigorated.
You feel less confused. The adder bites you but does no damage.
You feel sick. The adder misses you.
You feel sick.
You feel sick.
You closely miss the adder. Your bite misses the adder.
The adder bites you but does no damage.
Your ring mail prevents you from hitting the adder.
You hit the adder but do no damage.
You feel sick. The adder bites you.
You hit the adder. You bite the adder, but do no damage.
The adder bites you but does no damage.
You miss the adder. The adder closely misses you.
You hit the adder but do no damage. Your bite misses the adder.
You feel sick.
You hit the adder.
You kill the adder!
Your Spellcasting skill increases to level 5!
You have reached level 3!
Your experience leads to an increase in your attributes!
Your base attributes are Str 10, Int 17, Dex 15.
Increase (S)trength, (I)ntelligence, or (D)exterity?
You feel clever.
You hit the worm. You hit the worm.
You feel sick.
You hit the worm. The worm misses you.
You hit the worm. You hit the worm. The worm bites you.
* * * LOW HITPOINT WARNING * * *
You hit the worm. You hit the worm but do no damage.
You feel sick.
You hit the worm. You bite the worm, but do no damage. The worm bites you.
* * * LOW HITPOINT WARNING * * *
You hit the worm but do no damage. You barely miss the worm. You bite the worm.
Unknown command.
You hit the worm. The worm closely misses you.
You barely miss the worm.
Your extra speed is starting to run out.
You hit the worm.
You feel sick.
Unknown command.
You hit the worm. The worm bites you!
You die...

##.# #.#####........ ...#
##.# #.####.#.# #### #..#
#......... #..#
#.####.#.#
######..#####.####
..............##..
################.# #.#
#@# #w# ##.##
######...##.####
##########......!........
...........####...##.####
##########.# ##.## #
##########.# #.#
...........# #.#


You could see a worm.

Vanquished Creatures
  An adder (D:2)
  2 leopard geckos (D:1)
  2 bats (D:1)
  6 goblins (D:1)
  A hobgoblin (D:2)
  3 kobolds (D:1)
  2 frilled lizards (D:1)
17 creatures vanquished.

Notes
Turn   | Place    | Note
-------+----------+-------------------------------------------
     0 | D:1      | vurker the Gnoll Enchanter began the quest for the Orb.
     0 | D:1      | Reached XP level 1. HP: 13/13 MP: 6/6
   258 | D:1      | Reached XP level 2. HP: 19/19 MP: 7/7
  1101 | D:2      | Reached skill level 5 in Spellcasting
  1101 | D:2      | Reached XP level 3. HP: 13/25 MP: 7/9
  1116 | D:2      | Slain by a worm

Illustrated notes

Levels and vault maps discovered:
D:1:      dpeg_arrival_rooms_c, layout_loops_ring
D:2:      layout_loops_ring, lemuel_round_altar

Skill      XL: |  1  2 |
---------------+-------+-----
Spellcasting   | 5 |  5.0
Fighting       | |  0.6
Short Blades   | |  2.5
Long Blades    | |  0.6
Axes           | |  0.6
Maces & Flails | |  0.6
Polearms       | |  0.6
Staves         | |  0.6
Slings         | |  0.6
Bows           | |  0.6
Crossbows      | |  0.6
Throwing       | |  0.6
Armour         | |  0.6
Dodging        | |  4.5
Stealth        | |  5.9
Shields        | |  0.6
Unarmed Combat | |  0.6
Conjurations   | |  0.4
Hexes          | |  5.4
Summonings     | |  0.4
Necromancy     | |  0.4
Translocations | |  0.4
Transmutations | |  0.4
Fire Magic     | |  0.4
Ice Magic      | |  0.4
Air Magic      | |  0.4
Earth Magic    | |  0.4
Poison Magic   | |  0.4
Invocations    | |  0.8
Evocations     | |  0.6

Action                   || total
-------------------------++-------
Melee: Dagger            ||    93
       Bite              ||     6
  Use: Potion            ||     3
 Stab: Sleeping          ||     5
Armor: Ring mail         ||    25
Dodge: Dodged            ||    46

Table legend: (Time is in decaauts)
 A = Elapsed time spent in this place.
 B = Non-inter-level travel time spent in this place.
 C = Inter-level travel time spent in this place.
 D = Time resting spent in this place.
 E = Time spent auto-exploring this place.
 F = Levels seen in this place.
 G = Mean time per level.
                   A        B        C        D        E       F      G
               +--------+--------+--------+--------+--------+-----+--------+
         Total |   1091 |   1061 |     30 |      0 |    825 |   2 |  545.5 |
       Dungeon |   1091 |   1061 |     30 |      0 |    825 |   2 |  545.5 |
               +--------+--------+--------+--------+--------+-----+--------+

Top non-repeatable levels by time:
     D:1: 909 daAuts
     D:2: 182 daAuts
